 Dungeon Crawl Stone Soup version 0.18-a0-1805-g8ab820f (webtiles) character file.

265 st0uf the Firebug (level 5, -5/40 HPs)
             Began as a Draconian Fire Elementalist on Apr 25, 2016.
             Was a Believer of Pakellas.
             Slain by a gnoll shaman
             ... wielding a +0 whip
              (8 damage)
             ... on level 5 of the Dungeon.
             The game lasted 00:19:50 (5068 turns).

st0uf the Firebug (Draconian Fire Elementalist)     Turns: 5068, Time: 00:19:51

Health: -5/40      AC:  7    Str: 10    XL:     5   Next: 99%
Magic:  0/9        EV: 13    Int: 16    God:    Pakellas [**....]
Gold:   173        SH:  0    Dex: 12    Spells: 1 memorised, 8 levels left

rFire  . . .     SeeInvis .       - Unarmed
rCold  . . .     Gourm    .     (armour unavailable)
rNeg   . . .     Faith    .     (no shield)
rPois  .         Spirit   .     (helmet restricted)
rElec  .         Dismiss  .     (no cloak)
rCorr  .         Reflect  .     e - +0 pair of gloves
SustAt .         Harm     .     l - +0 pair of boots
MR     .....                    (no amulet)
Stlth  +.........               (no ring)
                                (no ring)

@: glowing, not resistant to hostile enchantments, very unstealthy
A: unfitting armour, cold-blooded, AC +5
a: Quick Charge, Renounce Religion


You were on level 5 of the Dungeon.
You worshipped Pakellas.
Pakellas was pleased with you.
You were hungry.

You visited 1 branch of the dungeon, and saw 5 of its levels.

You collected 173 gold pieces.

Inventory:

Armour
 e - a +0 pair of gloves (worn)
 l - a +0 pair of boots (worn)
Jewellery
 c - an uncursed ring of stealth {unknown}
Wands
 k - a wand of slowing (24/48)
Scrolls
 d - 3 scrolls of fear {unknown}
 f - 2 scrolls of identify {unknown}
 n - 2 scrolls of remove curse {unknown}
 o - a scroll of amnesia {unknown}
 x - a scroll of enchant armour {unknown}
 y - 3 scrolls of recharging {unknown}
Potions
 g - 4 potions of degeneration {unknown}
 i - 2 potions of heal wounds {unknown}
 j - a potion of magic {unknown}
 q - a potion of curing {unknown}
 s - a potion of lignification {unknown}
 t - a potion of mutation {unknown}
 u - a potion of agility {unknown}
 v - a potion of brilliance {unknown}
Books
 a - a book of Flames

   Spells                             Type                      Level
   a - Flame Tongue                   Conjuration/Fire             1
   b - Throw Flame                    Conjuration/Fire             2
   c - Conjure Flame                  Conjuration/Fire             3
   d - Inner Flame                    Hexes/Fire                   3
   e - Sticky Flame                   Conjuration/Fire             4
   f - Fireball                       Conjuration/Fire             5
Miscellaneous
 r - a phantom mirror
Comestibles
 b - 5 bread rations
 h - 3 slices of pizza
 m - a beef jerky
 p - 2 meat rations
 w - a royal jelly


   Skills:
 + Level 1.0 Fighting
 + Level 3.5 Dodging
 - Level 1.7 Stealth
 + Level 1.5 Unarmed Combat
 + Level 2.6 Spellcasting
 + Level 2.2 Conjurations
 + Level 4.1 Fire Magic
 * Level 1.0 Evocations


You had 8 spell levels left.
You knew the following spells:

 Your Spells              Type           Power        Failure   Level  Hunger
a - Flame Tongue          Conj/Fire      ##...        8%          1    #......


Dungeon Overview and Level Annotations

Branches:
Dungeon (5/15)
 Temple: D:4-7

Altars:
Dithmenos
Makhleb
Okawaru
Pakellas
The Shining One


Innate Abilities, Weirdness & Mutations

Your plain brown scales are hard (AC +5).
Your body does not fit into most forms of armour.
You are cold-blooded and may be slowed by cold attacks.


Message History

You hit the gnoll shaman but do no damage.
The gnoll shaman is moderately wounded.
The gnoll shaman hits you but does no damage.
You hit the gnoll shaman.
The gnoll shaman is heavily wounded.
The gnoll shaman completely misses you.
You hit the gnoll shaman but do no damage.
The gnoll shaman is heavily wounded.
The gnoll shaman misses you.
You hit the gnoll shaman.
The gnoll shaman is severely wounded.
The gnoll shaman closely misses you.
You hit the gnoll shaman.
The gnoll shaman is severely wounded.
The gnoll shaman completely misses you.
You hit the gnoll shaman.
The gnoll shaman is severely wounded.
The gnoll shaman hits you with a whip!
You die...
Pakellas says: That's one more possible approach eliminated.

≈ .§..
###### #..
##....#
##... .....#
.....##....#
.......@...#
..#.#.#g#..#
...........#
..#.#.#.####
#.......#
##.#.#.##
#.......
##.# #.# ##
#..


You could see a gnoll shaman.

Vanquished Creatures
  Terence (D:2)
  A worker ant (D:4)
  Robin (D:2)
  4 gnolls (D:3)
  7 adders
  An ooze (D:1)
  2 worms (D:3)
  2 dart slugs
  3 giant geckos
  6 orcs
  4 bats
  A giant cockroach (D:5)
  14 goblins
  12 hobgoblins
  2 jackals (D:3)
  A ball python (D:1)
  5 giant newts
  11 kobolds
  7 rats
85 creatures vanquished.

Notes
Turn   | Place    | Note
--------------------------------------------------------------
     0 | D:1      | st0uf the Draconian Fire Elementalist began the quest for the Orb.
     0 | D:1      | Reached XP level 1. HP: 14/14 MP: 3/3
    80 | D:1      | Reached XP level 2. HP: 20/20 MP: 3/5
   549 | D:1      | Reached XP level 3. HP: 26/26 MP: 3/6
   747 | D:2      | Found an iron altar of Okawaru.
   777 | D:2      | Noticed Robin
  1236 | D:2      | Killed Robin
  1292 | D:2      | Reached skill level 4 in Fire Magic
  1504 | D:2      | Reached XP level 4. HP: 30/33 MP: 3/7
  1611 | D:2      | Noticed Terence
  1625 | D:2      | Killed Terence
  1874 | D:3      | Found a faded altar to an unknown god.
  1925 | D:3      | Found a burning altar of Makhleb.
  1930 | D:3      | Found a shadowy altar of Dithmenos.
  1933 | D:3      | Found a glowing golden altar of the Shining One.
  1976 | D:3      | Became a worshipper of Pakellas the Inventive
  1976 | D:3      | Reached * piety under Pakellas
  1976 | D:3      | Received a gift from Pakellas
  2586 | D:3      | Reached XP level 5. HP: 22/38 MP: 2/9
  2837 | D:3      | Reached skill level 1 in Unarmed Combat
  3183 | D:3      | Reached ** piety under Pakellas
  3183 | D:3      | Received a gift from Pakellas
  4125 | D:4      | Reached skill level 1 in Fighting
  4125 | D:4      | Reached skill level 1 in Evocations
  4978 | D:5      | Entered Level 5 of the Dungeon
  4978 | D:5      | Noticed a phantom
  5062 | D:5      | HP: 2/40 [gnoll shaman/whip (7)]
  5068 | D:5      | Slain by a gnoll shaman

Vault maps used:
D:1:      shiori_shiawase, serial_bayou_ford_a, minmay_unequal
D:2:      grunt_decor_cap, kennysheep_cross_room, okawaru_metal_pillars_1_2,
          uniq_robin, uniq_terence
D:3:      minmay_overflow_temple_star_quad, ecumenical_altar_2, first_bread,
          grunt_ministairs_15, minmay_misc_feat_x, minmay_misc_feat_rugged,
          serial_bayou_pond_d
D:5:      yredelemnul_forgotten_temple_becter, slow_altar_1,
          minmay_temple_entry_metal_lava, st_stairs_8, solitary_fountain

Skill      XL: |  1  2  3  4  5 |
---------------+----------------+-----
Dodging        | 2 3 |  3.5
Fire Magic     | 4 |  4.1
Conjurations   | 2 |  2.2
Unarmed Combat | 1 |  1.5
Fighting       | 1 |  1.0
Evocations     | 1 |  1.0
Stealth        | |  1.7
Spellcasting   | |  2.6

Action                   |  1- 3 |  4- 6 || total
-------------------------+-------+-------++-------
Melee: Unarmed           |    50 |   341 ||   391
       Tailslap          |     2 |    41 ||    43
       Punch             |       |     4 ||     4
 Cast: Flame Tongue      |    67 |    35 ||   102
 Stab: Sleeping          |       |     2 ||     2
  Eat: Chunk             |     3 |    11 ||    14
Armor: Skin              |    21 |    80 ||   101
Dodge: Dodged            |    52 |   196 ||   248
